Cogmind - Beta 13 @@@ ROGUE MODE // 2024.07.25 @ 23:05:34 Player: saltine Result: Core destroyed Performance ------------- Evolutions (7) 3500 Regions Visited (18) 3600 Robots Destroyed (85) 425 Value Destroyed (3413) 3413 Prototype IDs (14) 280 Alien Tech Used (0) 0 Bonus (3999) 3999 TOTAL SCORE: 15217 Bonus ------- High Alert Combat Kills 119 Follower Combat Kills 80 Entered DSFs 500 Met Data Miner 300 Hacked Protovariant 500 Scanned by Researcher 500 Acquired SGEMP 2000 Cogmind --------- Core Integrity 0/1300 Matter 300/300 Energy 100/100 System Corruption 2% Temperature Cool (0) Movement Hovering (70) Location -3/Testing Parts ------- > --- POWER (2) -------- (None) > --- PROPULSION (8) --- Gyrokinetic Inverter > --- UTILITY (8) ------ Advanced Signal Interpreter > --- WEAPON (3) ------- (None) > --- INVENTORY (5) ---- Neutrino Core Advanced Cooling System SGEMP Prototype Peak State ------------ > --- POWER ------------ Angular Momentum Engine > --- PROPULSION ------- Gyrokinetic Inverter Nuclear Pulse Thruster Nuclear Pulse Thruster Nuclear Pulse Thruster Nuclear Pulse Thruster Nuclear Pulse Thruster > --- UTILITY ---------- Machine Analyzer Advanced Targeting Computer Core Analyzer Advanced ECM Suite Hacking Suite System Shield Improved System Shield Improved System Shield > --- WEAPON ----------- Tesla Rifle Mini Assault Cannon Mini Assault Cannon > --- INVENTORY -------- Neutrino Core Advanced Cooling System Heavy Rocket Launcher Dirty Datajack [Rating: 84] Favorites ----------- Power Improved Deuterium Engine Engine Improved Deuterium Engine Power Core Micro Nuclear Core Propulsion Light Treads Treads Light Treads Leg Aluminum Leg Wheel Wheel Hover Unit Gyrokinetic Inverter Flight Unit Nuclear Pulse Thruster Utility Advanced Targeting Computer Device Transmission Jammer Storage High-capacity Storage Unit Processor Advanced Targeting Computer Hackware System Shield Protection Hardened Medium Armor Plating Weapon Mini Assault Cannon Energy Gun Heavy Laser Energy Cannon Plasma Cannon Ballistic Gun Light Assault Rifle Ballistic Cannon Mini Assault Cannon Launcher Grenade Launcher Special Melee Weapon Dirty Datajack Build | -11 -10 -10 -10 -9 -8 -7 -7 -7 -6 -6 -6 -6 -5 -5 -5 -4 -3 -3 ------- Run | Yrd Mat Min Exi Min Mat Fac Low Low Fac Low Low Dat Pro Fac DSF Fac Res Tes Slots Evolved 14 | . . . . . 4 2 . . 2 . . . . 2 . 2 2 . Power 1 | . . . . . . . . . . . . . . . . . 1 . Propulsion 6 | . . . . . 2 1 . . . . . . . 1 . 1 1 . Utility 6 | . . . . . 2 1 . . 1 . . . . 1 . 1 . . Weapon 1 | . . . . . . . . . 1 . . . . . . . . . Parts Attached 95 | 3 5 . 1 6 14 23 8 1 12 2 2 5 3 . 3 3 . 4 Power 8 | . . . . . 1 2 1 . 2 . . 1 . . . 1 . . Engine 5 | . . . . . . 2 . . 2 . . 1 . . . . . . Core 3 | . . . . . 1 . 1 . . . . . . . . 1 . . Reactor . | . . . . . . . . . . . . . . . . . . . Propulsion 31 | 2 . . . 1 4 9 4 . 7 . . 2 . . 1 1 . . Treads 20 | 2 . . . 1 4 8 3 . 2 . . . . . . . . . Leg . | . . . . . . . . . . . . . . . . . . . Wheel 2 | . . . . . . 1 1 . . . . . . . . . . . Hover 1 | . . . . . . . . . . . . . . . 1 . . . Flight 8 | . . . . . . . . . 5 . . 2 . . . 1 . . Utility 35 | . 5 . 1 . 6 6 3 1 2 1 2 2 2 . 2 1 . 1 Device 16 | . 1 . . . 2 5 2 . 1 . 2 2 1 . . . . . Storage 5 | . 3 . 1 . . . . 1 . . . . . . . . . . Processor 6 | . 1 . . . 1 1 1 . . . . . 1 . . . . 1 Hackware 5 | . . . . . . . . . 1 1 . . . . 2 1 . . Protection 3 | . . . . . 3 . . . . . . . . . . . . . Artifact . | . . . . . . . . . . . . . . . . . . . Weapon 21 | 1 . . . 5 3 6 . . 1 1 . . 1 . . . . 3 Energy Gun 4 | . . . . . 1 1 . . . . . . 1 . . . . 1 Energy Cannon 1 | . . . . . . 1 . . . . . . . . . . . . Ballistic Gun 4 | 1 . . . 2 1 . . . . . . . . . . . . . Ballistic Cannon 5 | . . . . . 1 3 . . 1 . . . . . . . . . Launcher 6 | . . . . 3 . 1 . . . . . . . . . . . 2 Special Weapon . | . . . . . . . . . . . . . . . . . . . Impact Weapon . | . . . . . . . . . . . . . . . . . . . Slashing Weapon . | . . . . . . . . . . . . . . . . . . . Piercing Weapon . | . . . . . . . . . . . . . . . . . . . Special Melee Weapon 1 | . . . . . . . . . . 1 . . . . . . . . Unidentified Prototypes 3 | . . . . . . 2 . . . . . . . . . . . 1 Corrupted Parts 1 | . . . . . . 1 . . . . . . . . . . . . System Corruption 6 | . . . . . . 6 . . . . . . . . . . . . Parts Lost 59 | . . . . 1 2 16 3 . 5 . . 4 2 . . 14 . 12 Power 10 | . . . . . 1 2 . . 2 . . 1 . . . 1 . 3 Propulsion 23 | . . . . 1 1 9 2 . 1 . . 2 . . . 6 . 1 Utility 16 | . . . . . . 3 1 . 1 . . 1 2 . . 5 . 3 Weapon 10 | . . . . . . 2 . . 1 . . . . . . 2 . 5 Highest Loss Streak 12 | . . . . 1 1 7 2 . 3 . . 4 1 . . 12 . 8 To Critical Strikes . | . . . . . . . . . . . . . . . . . . . Average Slot Usage (%) 89 | . 99 100 100 99 95 98 76 75 68 99 100 98 87 82 94 42 23 23 Engine 6 | . 14 14 14 14 6 6 . . 4 6 6 6 6 5 5 . . 1 Core 1 | . . . . . 1 . 7 7 . . . . . . . 2 4 . Treads 24 | . 28 28 28 27 34 37 14 7 7 . . . . . . . . . Flight 3 | . . . . . . . . . 5 33 33 33 33 29 29 4 . . Device 8 | . 12 . . . 7 11 15 14 5 6 6 6 3 5 5 5 4 1 Storage 7 | . 14 14 14 14 9 7 5 . 6 6 6 6 . . . . . . Processor 13 | . . 14 14 14 9 14 16 23 20 16 13 13 16 17 17 8 4 4 Hackware 1 | . . . . . . . . . 2 9 13 13 11 5 12 12 4 1 Protection 1 | . . . . . 7 3 . . . . . . . . . . . . Energy Gun 2 | . . . . . 3 3 . . . . . . 2 5 5 . . 3 Energy Cannon 1 | . . . . . . 3 7 7 . . . . . . . . . . Ballistic Gun 5 | . 28 28 28 25 8 . . . . . . . . . . . . . Ballistic Cannon 6 | . . . . . 5 6 7 7 11 13 13 13 13 11 11 3 . . Naked Turns . | . . . . . . . . . . . . . . . . . . . Heaviest Build 88 | 12 88 27 47 49 63 71 62 28 28 29 29 29 29 29 29 29 8 12 Greatest Support 100 | 40 40 40 40 40 82 100 60 10 40 30 30 30 30 30 30 30 11 17 Greatest Overweight (x) 17 | . 2 . 1 1 1 17 1 2 2 . . . . . . 1 . . Average Overweight (x) . | . . . . 1 . . . 1 . . . . . . . . . . Largest Inventory Capacity 25 | 8 25 15 20 20 20 20 20 10 10 10 10 10 5 5 5 5 5 5 Average Capacity 16 | 8 18 15 16 20 20 20 16 5 10 10 10 9 5 5 5 5 5 5 Most Carried 20 | 6 15 15 15 15 20 20 18 6 10 10 10 10 5 5 5 5 5 5 Average Carried 14 | 5 10 15 14 14 18 19 11 5 8 10 10 8 5 5 5 4 5 4 Final Capacity 20 | 8 15 15 20 20 20 20 5 10 10 10 10 5 5 5 5 5 5 5 Final Carried 20 | 4 15 15 14 14 20 20 5 6 10 10 10 5 5 5 5 5 5 4 Class Distribution -------------------- 61% | Scavenger-Mutant 26% | Mutant 5% | Hacker-Sprinter 3% | Sprinter Dominant Class ---------------- Mutant | -10/Materials Mutant | -10/Mines Mutant | -10/Exiles Mutant | -9/Mines Scavenger-Mutant | -8/Materials Scavenger-Mutant | -7/Factory Scavenger-Mutant | -7/Lower Caves Scavenger-Mutant | -7/Lower Caves Scavenger-Mutant | -6/Factory Hacker-Sprinter | -6/Lower Caves Hacker-Sprinter | -6/Lower Caves Hacker-Sprinter | -6/Data Miner Hacker-Sprinter | -5/Proximity Caves Sprinter | -5/Factory Hacker-Sprinter | -5/DSF Hacker-Mutant | -4/Factory Mutant | -3/Research Mutant | -3/Testing Resources | -11 -10 -10 -10 -9 -8 -7 -7 -7 -6 -6 -6 -6 -5 -5 -5 -4 -3 -3 ----------- Run | Yrd Mat Min Exi Min Mat Fac Low Low Fac Low Low Dat Pro Fac DSF Fac Res Tes Matter Collected 2545 | 230 125 . . 161 324 740 197 62 522 42 30 . 98 . . . . 14 Remotely . | . . . . . . . . . . . . . . . . . . . Salvage Created 3237 | . 372 . . 123 592 1336 194 78 503 . . . . . . . . 39 Parts 173 | . 18 . . 3 44 73 12 1 19 . . . . . . . . 3 Haulers Intercepted 3 | . 1 . . . . 2 . . . . . . . . . . . . Recyclers Shooed 8 | . 2 . . . 2 2 . . 1 . . . . . . 1 . . Parts Field Recycled . | . . . . . . . . . . . . . . . . . . . Retrieved Matter . | . . . . . . . . . . . . . . . . . . . Parts Self-Destructed 14 | . . . . . . . 14 . . . . . . . . . . . Prevented 1 | . . . . . . . 1 . . . . . . . . . . . Kills | -11 -10 -10 -10 -9 -8 -7 -7 -7 -6 -6 -6 -6 -5 -5 -5 -4 -3 -3 ------- Run | Yrd Mat Min Exi Min Mat Fac Low Low Fac Low Low Dat Pro Fac DSF Fac Res Tes Combat Hostiles Destroyed 85 | . 7 . . 13 16 30 9 . 10 . . . . . . . . . Guns 36 | . 7 . . 6 11 12 . . . . . . . . . . . . Cannons 40 | . . . . . 5 16 9 . 10 . . . . . . . . . AOE 8 | . . . . 7 . 1 . . . . . . . . . . . . Classes Destroyed 16 | . 2 . . 1 4 7 . . 1 . . . . . . . . 1 Worker 2 | . . . . . . 1 . . 1 . . . . . . . . . Builder 1 | . . . . . . . . . 1 . . . . . . . . . Hauler 3 | . 1 . . . . 2 . . . . . . . . . . . . Recycler 2 | . . . . . . 1 . . 1 . . . . . . . . . Mechanic 1 | . . . . . . 1 . . . . . . . . . . . . Watcher 1 | . . . . . . 1 . . . . . . . . . . . . Swarmer 17 | . . . . . 5 4 8 . . . . . . . . . . . Grunt 31 | . 7 . . 2 5 10 . . 7 . . . . . . . . . Brawler 2 | . . . . . . 2 . . . . . . . . . . . . Duelist 3 | . . . . . 1 1 . . 1 . . . . . . . . . Researcher 1 | . . . . . . . . . . . . . . . . . . 1 Sentry 11 | . . . . . 4 5 . . 2 . . . . . . . . . Hunter 3 | . . . . . 1 2 . . . . . . . . . . . . Programmer 6 | . . . . . . 5 1 . . . . . . . . . . . Heavy 1 | . . . . . . 1 . . . . . . . . . . . . Packrat 1 | . . . . . . . . 1 . . . . . . . . . . Assembled 11 | . . . . 11 . . . . . . . . . . . . . . Best Kill Streak 11 | . 3 . . 11 8 4 4 . 4 . . . . . . . . 1 Combat Bots Only 11 | . 3 . . 11 8 4 4 . 4 . . . . . . . . . Max Kills in Single Turn 3 | . 1 . . 3 1 2 1 1 1 . . . . . . . . 1 Gunslinging . | . . . . . . . . . . . . . . . . . . . Exploded 3 | . . . . 3 . 1 . . . . . . . . . . . . Melee . | . . . . . . . . . . . . . . . . . . . Uniques/NPCs Destroyed . | . . . . . . . . . . . . . . . . . . . Combat | -11 -10 -10 -10 -9 -8 -7 -7 -7 -6 -6 -6 -6 -5 -5 -5 -4 -3 -3 -------- Run | Yrd Mat Min Exi Min Mat Fac Low Low Fac Low Low Dat Pro Fac DSF Fac Res Tes Hostile Shots Fired 860 | . 38 . . 33 87 237 40 . 102 1 . 14 34 . 5 171 . 98 Missed 353 | . 19 . . 16 32 83 10 . 33 1 . 9 15 . 4 104 . 27 Damage Taken 9118 | . 256 . . 315 673 2730 453 . 788 . . 230 392 . 52 1355 . 1874 Core 3156 | . 64 . . 94 45 284 110 . 159 . . 141 177 . . 746 . 1336 Absorbed by Shields 18 | . . . . . . . . . . . . . . . 18 . . . Core Remaining (%) 64 | 100 . . . 36 91 . . 43 . . . . 43 . 100 35 . . Volleys Fired 236 | . 37 . . 14 40 85 12 3 43 . . 1 . . . . . 1 Largest 2 | . 2 . . 2 2 2 2 2 2 . . 2 . . . . . 1 Hottest 128 | . 40 . . 60 114 128 128 128 128 . . 96 . . . . . 39 Shots Fired 468 | . 74 . . 28 80 165 26 6 86 . . 2 . . . . . 1 Gun 190 | . 74 . . 22 49 45 . . . . . . . . . . . . Cannon 271 | . . . . . 31 120 26 6 86 . . 2 . . . . . . Launcher 7 | . . . . 6 . . . . . . . . . . . . . 1 Special . | . . . . . . . . . . . . . . . . . . . Kinetic 338 | . 74 . . 22 54 86 13 3 84 . . 2 . . . . . . Thermal 123 | . . . . . 26 79 13 3 2 . . . . . . . . . Explosive 7 | . . . . 6 . . . . . . . . . . . . . 1 Electromagnetic . | . . . . . . . . . . . . . . . . . . . Robot Hit Streak 20 | . 6 . . 9 11 20 4 2 19 . . . . . . . . 1 Robot Miss Streak 3 | . 2 . . 2 3 3 2 3 3 . . 2 . . . . . . Penetration Max 1 | . . . . . . 1 . . . . . . . . . . . . Secondary Targets 4 | . 1 . . 2 1 . . . . . . . . . . . . . Max Gunslinging Chain 1 | . 1 . . 1 1 . . . . . . . . . . . . . Shots Hit Robots 329 | . 53 . . 19 53 122 12 2 67 . . . . . . . . 1 Core Hits 174 | . 23 . . 29 27 55 9 . 27 . . . . . . 1 . 3 Critical Kills 3 | . 2 . . . . 1 . . . . . . . . . . . . Critical Parts Destroyed 1 | . . . . 1 . . . . . . . . . . . . . . Critical Strikes 16 | . 2 . . 1 1 8 . . 4 . . . . . . . . . Burn 4 | . . . . . 1 3 . . . . . . . . . . . . Meltdown 1 | . . . . . . 1 . . . . . . . . . . . . Destroy 3 | . 2 . . 1 . . . . . . . . . . . . . . Blast 8 | . . . . . . 4 . . 4 . . . . . . . . . Melee Attacks . | . . . . . . . . . . . . . . . . . . . Impact . | . . . . . . . . . . . . . . . . . . . Slashing . | . . . . . . . . . . . . . . . . . . . Piercing . | . . . . . . . . . . . . . . . . . . . Sneak Attacks . | . . . . . . . . . . . . . . . . . . . Combat Hostiles . | . . . . . . . . . . . . . . . . . . . Follow-up Attacks . | . . . . . . . . . . . . . . . . . . . Damage Inflicted 7841 | . 434 . . 630 938 3336 324 52 1828 . . . . . . 13 . 286 Guns 1948 | . 434 . . 163 582 769 . . . . . . . . . . . . Cannons 4880 | . . . . . 356 2322 324 52 1826 . . . . . . . . . Explosions 864 | . . . . 467 . 151 . . . . . . . . . . . 246 Melee . | . . . . . . . . . . . . . . . . . . . Ramming 149 | . . . . . . 94 . . 2 . . . . . . 13 . 40 Kinetic 4732 | . 434 . . 163 545 1571 166 27 1826 . . . . . . . . . Thermal 2247 | . . . . . 393 1671 158 25 . . . . . . . . . . Explosive 713 | . . . . 467 . . . . . . . . . . . . . 246 Electromagnetic . | . . . . . . . . . . . . . . . . . . . Impact . | . . . . . . . . . . . . . . . . . . . Slashing . | . . . . . . . . . . . . . . . . . . . Piercing . | . . . . . . . . . . . . . . . . . . . Highest Corruption 13 | . 1 1 1 1 . 13 13 13 . . . . . . . . . 2 Average Corruption 3 | . 1 1 1 1 . 2 13 13 . . . . . . . . . 1 Corruption Purged . | . . . . . . . . . . . . . . . . . . . Corruption Blocked 23 | . . . . . . 8 . . . . . . . . . . . 15 Effects 78 | . 4 . . 2 . 38 29 5 . . . . . . . . . . Message Errors 13 | . 1 . . . . 6 5 1 . . . . . . . . . . Matter Fused 24 | . 3 . . 1 . 11 9 . . . . . . . . . . . Heat Flow Errors 11 | . . . . 1 . 6 2 2 . . . . . . . . . . Energy Discharges 8 | . . . . . . 4 4 . . . . . . . . . . . Parts Rejected 1 | . . . . . . 1 . . . . . . . . . . . . Data Loss (minor) 12 | . . . . . . 4 6 2 . . . . . . . . . . Data Loss (major) 2 | . . . . . . 1 1 . . . . . . . . . . . Misfires 4 | . . . . . . 2 2 . . . . . . . . . . . Alerts 1 | . . . . . . 1 . . . . . . . . . . . . Weapon Failures 2 | . . . . . . 2 . . . . . . . . . . . . Overload Shots . | . . . . . . . . . . . . . . . . . . . Overflow Damage 154 | . . . . . 1 119 . 34 . . . . . . . . . . Projectiles 49 | . . . . . 1 14 . 34 . . . . . . . . . . Explosions 105 | . . . . . . 105 . . . . . . . . . . . . Melee . | . . . . . . . . . . . . . . . . . . . Knockbacks 26 | . . . . . 4 8 . . 14 . . . . . . . . . Impact 2 | . . . . . . 2 . . . . . . . . . . . . Kinetic 21 | . . . . . 3 5 . . 13 . . . . . . . . . Secondary 3 | . . . . . 1 1 . . 1 . . . . . . . . . Self-Inflicted Damage 516 | . . . . . . 429 . . . . . . . . . 5 . 82 Shots 6 | . . . . . . 5 . . . . . . . . . . . 1 Rammed 17 | . . . . . 1 5 . . 1 . . . . . . 3 . 7 Targets Rammed 19 | . . . . . 1 7 . . 1 . . . . . . 3 . 7 Kicked . | . . . . . . . . . . . . . . . . . . . Crushed 2 | . . . . . . 2 . . . . . . . . . . . . Highest Temperature 297 | . 33 . . 156 81 297 218 165 280 . . 36 32 . . 12 . . Average Temperature 49 | . 10 . . 47 38 75 115 92 53 . . 23 5 . . 12 . . Received Heat Transfer 1769 | . 150 . . 41 216 516 . . 327 . . . 78 . . 267 . 174 Effects 2 | . . . . . . 1 . . 1 . . . . . . . . . Energy Bleed 1 | . . . . . . . . . 1 . . . . . . . . . Interference 1 | . . . . . . 1 . . . . . . . . . . . . Siege Activations . | . . . . . . . . . . . . . . . . . . . Robots Corrupted . | . . . . . . . . . . . . . . . . . . . Combat Hostiles . | . . . . . . . . . . . . . . . . . . . Parts Fried . | . . . . . . . . . . . . . . . . . . . Impact Corruptions . | . . . . . . . . . . . . . . . . . . . Robots Melted 1 | . . . . . . 1 . . . . . . . . . . . . Combat Hostiles 1 | . . . . . . 1 . . . . . . . . . . . . Parts Melted 8 | . . . . . 1 6 1 . . . . . . . . . . . Heat Transferred 4292 | . . . . . 777 3165 300 50 . . . . . . . . . . Parts Sabotaged . | . . . . . . . . . . . . . . . . . . . Parts Stolen . | . . . . . . . . . . . . . . . . . . . Parts Stripped . | . . . . . . . . . . . . . . . . . . . Power Chain Reactions . | . . . . . . . . . . . . . . . . . . . Alert | -11 -10 -10 -10 -9 -8 -7 -7 -7 -6 -6 -6 -6 -5 -5 -5 -4 -3 -3 ------- Run | Yrd Mat Min Exi Min Mat Fac Low Low Fac Low Low Dat Pro Fac DSF Fac Res Tes Peak Influence 583 | . 225 20 . 113 369 583 . . 337 . . . . 81 71 329 172 135 Initial 172 | . . 20 . . 43 167 . . 161 . . . . 81 56 37 172 96 Average 229 | . 76 20 . 28 201 327 . . 205 . . . . 81 57 150 172 104 Maximum Alert Level 2 | . 1 . . . 1 2 . . 1 . . . . . . 1 . . Low Security (%) 46 | 100 82 100 . 100 55 23 . . 45 . . . . 100 100 58 100 100 Level 1 35 | . 17 . . . 44 38 . . 54 . . . . . . 41 . . Level 2 17 | . . . . . . 37 . . . . . . . . . . . . Level 3 . | . . . . . . . . . . . . . . . . . . . Level 4 . | . . . . . . . . . . . . . . . . . . . Level 5 . | . . . . . . . . . . . . . . . . . . . High Security . | . . . . . . . . . . . . . . . . . . . Max Security . | . . . . . . . . . . . . . . . . . . . Squads Dispatched 26 | . 1 . . . 5 16 . . 1 . . . . . . 1 . 2 Investigation 3 | . . . . . 1 2 . . . . . . . . . . . . Extermination 5 | . . . . . . 5 . . . . . . . . . . . . Reinforcement 11 | . 1 . . . 1 6 . . 1 . . . . . . 1 . 1 Assault 1 | . . . . . . . . . . . . . . . . . . 1 Garrison 6 | . . . . . 3 3 . . . . . . . . . . . . Intercept . | . . . . . . . . . . . . . . . . . . . Searches Triggered . | . . . . . . . . . . . . . . . . . . . Construction Impeded . | . . . . . . . . . . . . . . . . . . . Haulers Reinforced 2 | . . . . . . 1 . . 1 . . . . . . . . . Active Scanning Responses . | . . . . . . . . . . . . . . . . . . . Cargo Convoy Interrupts 1 | . . . . . . 1 . . . . . . . . . . . . Stealth | -11 -10 -10 -10 -9 -8 -7 -7 -7 -6 -6 -6 -6 -5 -5 -5 -4 -3 -3 --------- Run | Yrd Mat Min Exi Min Mat Fac Low Low Fac Low Low Dat Pro Fac DSF Fac Res Tes Distress Signals 7 | . 1 . . . 2 2 . . 1 . . . . . . . . 1 Communications Jammed 47 | . . . . . . 28 . . 19 . . . . . . . . . Distress Signals 42 | . . . . . . 23 . . 19 . . . . . . . . . Times Spotted 175 | . 11 . . 14 22 44 9 . 17 1 . 7 11 . 1 28 1 9 Peak Tracking Total 14 | . 3 . . 8 6 5 4 . 4 1 . 4 7 . 1 14 1 6 Tactical Retreats 18 | . . . . . . . . . 2 . . . 6 . 1 7 . 2 Traps | -11 -10 -10 -10 -9 -8 -7 -7 -7 -6 -6 -6 -6 -5 -5 -5 -4 -3 -3 ------- Run | Yrd Mat Min Exi Min Mat Fac Low Low Fac Low Low Dat Pro Fac DSF Fac Res Tes Traps Triggered 7 | . 1 . . . 1 3 . . . . . . . . 2 . . . Indirectly . | . . . . . . . . . . . . . . . . . . . Trap Hack Attempts . | . . . . . . . . . . . . . . . . . . . Triggered . | . . . . . . . . . . . . . . . . . . . Disarmed . | . . . . . . . . . . . . . . . . . . . Reprogrammed . | . . . . . . . . . . . . . . . . . . . Reused . | . . . . . . . . . . . . . . . . . . . Traps Extracted 1 | . . . . . . . 1 . . . . . . . . . . . Installed 1 | . . . . . . . . . . . . 1 . . . . . . Triggered 5 | . . . . . . 2 2 1 . . . . . . . . . . Most Traps Carried 1 | . . . . . . . 1 1 1 1 1 1 . . . . . . Machines | -11 -10 -10 -10 -9 -8 -7 -7 -7 -6 -6 -6 -6 -5 -5 -5 -4 -3 -3 ---------- Run | Yrd Mat Min Exi Min Mat Fac Low Low Fac Low Low Dat Pro Fac DSF Fac Res Tes Machines Disabled 12 | . . . . . . 7 . . 4 . . 1 . . . . . . Max in Single Turn 5 | . . . . . . 5 . . 1 . . 1 . . . . . . Garrison Access 1 | . . . . . . . . . 1 . . . . . . . . . Machines Repaired . | . . . . . . . . . . . . . . . . . . . Machines Dismantled . | . . . . . . . . . . . . . . . . . . . Machines Sabotaged . | . . . . . . . . . . . . . . . . . . . Overloaded Fab Kills . | . . . . . . . . . . . . . . . . . . . Hacking | -11 -10 -10 -10 -9 -8 -7 -7 -7 -6 -6 -6 -6 -5 -5 -5 -4 -3 -3 --------- Run | Yrd Mat Min Exi Min Mat Fac Low Low Fac Low Low Dat Pro Fac DSF Fac Res Tes Machines Accessed 45 | . 3 . 1 . 2 14 . . 8 1 1 4 . 1 . 6 1 3 Terminals 29 | . 3 . . . 2 8 . . 7 . . . . 1 . 5 1 2 Fabricators 3 | . . . . . . 2 . . . . . . . . . 1 . . Repair Stations 1 | . . . . . . . . . . . . . . . . . . 1 Recycling Units 1 | . . . . . . 1 . . . . . . . . . . . . Scanalyzers 1 | . . . . . . 1 . . . . . . . . . . . . Garrison Access 3 | . . . . . . 2 . . 1 . . . . . . . . . Total Hacks 123 | . 10 . 1 . 5 27 . . 18 1 1 30 . 3 . 19 2 6 Successful 58 | . 5 . 1 . 1 4 . . 3 1 1 30 . 1 . 8 . 3 Failed 65 | . 5 . . . 4 23 . . 15 . . . . 2 . 11 2 3 Catastrophic 17 | . . . . . 1 10 . . 3 . . . . . . 2 . 1 Database Lockouts . | . . . . . . . . . . . . . . . . . . . Manual 25 | . 5 . . . . 8 . . 2 . . . . . . 10 . . Terminals 74 | . 10 . . . 5 16 . . 16 . . . . 3 . 18 2 4 Fabricators 4 | . . . . . . 3 . . . . . . . . . 1 . . Repair Stations 2 | . . . . . . . . . . . . . . . . . . 2 Recycling Units 1 | . . . . . . 1 . . . . . . . . . . . . Scanalyzers 2 | . . . . . . 2 . . . . . . . . . . . . Garrison Access 7 | . . . . . . 5 . . 2 . . . . . . . . . Terminal Hacks 51 | . 4 . 1 . 1 2 . . 2 1 1 30 . 1 . 6 . 2 Record 13 | . . . 1 . . . . . . . . 11 . . . . . 1 Part Schematic 10 | . . . . . . . . . . . . 10 . . . . . . Robot Schematic 6 | . . . . . . . . . . . . 6 . . . . . . Prototype ID Bank 3 | . . . . . . . . . . . . 3 . . . . . . Open Door 2 | . . . . . . . . . . 1 1 . . . . . . . Open DSF 2 | . . . . . . . . . . . . . . 1 . 1 . . Level Access Points 1 | . . . . . . . . . . . . . . . . 1 . . Branch Access Points 2 | . 1 . . . . . . . . . . . . . . 1 . . Locate Traps 6 | . 2 . . . . 1 . . 1 . . . . . . 2 . . Transport Status 1 | . . . . . . 1 . . . . . . . . . . . . Registered Components 1 | . 1 . . . . . . . . . . . . . . . . . Zone Layout 3 | . . . . . 1 . . . 1 . . . . . . 1 . . Protovariant Controls 1 | . . . . . . . . . . . . . . . . . . 1 Fabricator Hacks 2 | . . . . . . 1 . . . . . . . . . 1 . . Network Status 2 | . . . . . . 1 . . . . . . . . . 1 . . Repair Station Hacks 1 | . . . . . . . . . . . . . . . . . . 1 Refit 1 | . . . . . . . . . . . . . . . . . . 1 Recycling Unit Hacks 1 | . . . . . . 1 . . . . . . . . . . . . Retrieve Components 1 | . . . . . . 1 . . . . . . . . . . . . Scanalyzer . | . . . . . . . . . . . . . . . . . . . Garrison Access Hacks 1 | . . . . . . . . . 1 . . . . . . . . . Seal Access 1 | . . . . . . . . . 1 . . . . . . . . . Unauthorized Hacks 2 | . 1 . . . . . . . . . . . . . . 1 . . Terminals 2 | . 1 . . . . . . . . . . . . . . 1 . . Botnet 1 | . 1 . . . . . . . . . . . . . . . . . Disrupt 1 | . . . . . . . . . . . . . . . . 1 . . Fabricators . | . . . . . . . . . . . . . . . . . . . Repair Stations . | . . . . . . . . . . . . . . . . . . . Recycling Units . | . . . . . . . . . . . . . . . . . . . Scanalyzers . | . . . . . . . . . . . . . . . . . . . Garrison Access . | . . . . . . . . . . . . . . . . . . . Data Cores Recovered . | . . . . . . . . . . . . . . . . . . . Used . | . . . . . . . . . . . . . . . . . . . Hacking Detections 31 | . 3 . . . 2 13 . . 7 . . . . . . 3 1 2 Full Trace Events 2 | . . . . . . 2 . . . . . . . . . . . . Feedback Events 1 | . . . . . . 1 . . . . . . . . . . . . Corruption 1 | . . . . . . 1 . . . . . . . . . . . . Feedback Blocked . | . . . . . . . . . . . . . . . . . . . Robot Schematics Acquired 7 | . . . . . . . . . . . . 6 . . . . . 1 Robots Built . | . . . . . . . . . . . . . . . . . . . Authchips . | . . . . . . . . . . . . . . . . . . . Time . | . . . . . . . . . . . . . . . . . . . Total Robot Build Rating . | . . . . . . . . . . . . . . . . . . . Part Schematics Acquired 10 | . . . . . . . . . . . . 10 . . . . . . Parts Built . | . . . . . . . . . . . . . . . . . . . Authchips . | . . . . . . . . . . . . . . . . . . . Time . | . . . . . . . . . . . . . . . . . . . Total Part Build Rating . | . . . . . . . . . . . . . . . . . . . Parts Repaired . | . . . . . . . . . . . . . . . . . . . Time . | . . . . . . . . . . . . . . . . . . . Parts Recycled . | . . . . . . . . . . . . . . . . . . . Recycled Matter . | . . . . . . . . . . . . . . . . . . . Retrieved Matter . | . . . . . . . . . . . . . . . . . . . Retrieved Components 4 | . . . . . . 4 . . . . . . . . . . . . Parts Scanalyzed . | . . . . . . . . . . . . . . . . . . . Part Schematics Acquired . | . . . . . . . . . . . . . . . . . . . Parts Damaged . | . . . . . . . . . . . . . . . . . . . Bothacking | -11 -10 -10 -10 -9 -8 -7 -7 -7 -6 -6 -6 -6 -5 -5 -5 -4 -3 -3 ------------ Run | Yrd Mat Min Exi Min Mat Fac Low Low Fac Low Low Dat Pro Fac DSF Fac Res Tes Used RIF Installer . | . . . . . . . . . . . . . . . . . . . Robots Hacked . | . . . . . . . . . . . . . . . . . . . Non-combat . | . . . . . . . . . . . . . . . . . . . Combat . | . . . . . . . . . . . . . . . . . . . Robot Hacks Applied . | . . . . . . . . . . . . . . . . . . . Relay Couplers Released . | . . . . . . . . . . . . . . . . . . . Fabnet Peak Effective % . | . . . . . . . . . . . . . . . . . . . Robots Rewired 1 | . . . . . . 1 . . . . . . . . . . . . Allies Hacked . | . . . . . . . . . . . . . . . . . . . Hacks Repelled . | . . . . . . . . . . . . . . . . . . . Allies | -11 -10 -10 -10 -9 -8 -7 -7 -7 -6 -6 -6 -6 -5 -5 -5 -4 -3 -3 -------- Run | Yrd Mat Min Exi Min Mat Fac Low Low Fac Low Low Dat Pro Fac DSF Fac Res Tes Total Allies 2 | . . . . 1 . 1 . . . . . . . . . . . . Largest Group 1 | . . . . 1 1 1 . . . . . . . . . . . . Highest-Rated Group 32 | . . . . 31 31 32 . . . . . . . . . . . . Highest-Rated Ally 32 | . . . . 31 31 32 . . . . . . . . . . . . Total Orders . | . . . . . . . . . . . . . . . . . . . Ally Attacks 17 | . . . . . 15 2 . . . . . . . . . . . . Total Damage 283 | . . . . . 228 55 . . . . . . . . . . . . Kills 4 | . . . . . 4 . . . . . . . . . . . . . Allies Corrupted . | . . . . . . . . . . . . . . . . . . . Allies Melted . | . . . . . . . . . . . . . . . . . . . Intel | -11 -10 -10 -10 -9 -8 -7 -7 -7 -6 -6 -6 -6 -5 -5 -5 -4 -3 -3 ------- Run | Yrd Mat Min Exi Min Mat Fac Low Low Fac Low Low Dat Pro Fac DSF Fac Res Tes Robot Analysis Total . | . . . . . . . . . . . . . . . . . . . Derelict Logs Recovered 3 | . . . . . . . . . . . 1 . 2 . . . . . Drone Launches . | . . . . . . . . . . . . . . . . . . . Drone Recoveries . | . . . . . . . . . . . . . . . . . . . Exploration | -11 -10 -10 -10 -9 -8 -7 -7 -7 -6 -6 -6 -6 -5 -5 -5 -4 -3 -3 ------------- Run | Yrd Mat Min Exi Min Mat Fac Low Low Fac Low Low Dat Pro Fac DSF Fac Res Tes Turns Passed 7725 | 9 740 21 266 393 696 2936 740 94 881 107 75 50 259 11 49 232 16 150 Spaces Moved 6157 | 3 291 14 152 144 330 1605 388 86 729 370 252 127 902 39 84 431 23 187 Core 1 | . . . . . . 1 . . . . . . . . . . . . Treads 3063 | 3 291 14 152 144 330 1596 276 . 257 . . . . . . . . . Legs . | . . . . . . . . . . . . . . . . . . . Wheels 314 | . . . . . . 8 112 86 108 . . . . . . . . . Hover 406 | . . . . . . . . . . . . . . . . 196 23 187 Flight 2373 | . . . . . . . . . 364 370 252 127 902 39 84 235 . . Fastest Speed 28 | 160 160 160 160 240 156 145 95 95 28 28 28 28 28 28 28 28 70 70 Average Speed 109 | 160 214 160 174 240 162 160 176 95 97 28 28 28 28 28 28 52 70 70 Slowest Speed 900 | 160 320 160 240 240 240 900 240 110 240 28 28 31 28 28 28 117 70 71 Overloaded Moves . | . . . . . . . . . . . . . . . . . . . Propulsion Burnouts . | . . . . . . . . . . . . . . . . . . . Robots Hopped 14 | . . . . . . . . . . . . . 1 . . 13 . . Cave-ins Triggered 1 | . . . . . . 1 . . . . . . . . . . . . Exploration Rate (%) 41 | 2 58 6 53 46 39 47 66 17 21 67 49 77 95 2 87 20 1 31 Regions Visited 18 Branch Regions 10 Pre-discovered Areas 4 | . . . 1 1 . . . . . . . 1 1 . . . . . Known Exits Taken 3 | . 1 . . . . . . . . . . . . 1 . 1 . . Unknown Exits Taken 14 | 1 . 1 1 1 1 1 1 1 1 1 1 1 1 . . . 1 . Scrap Searched 5 | . . . . 1 . . . . . 1 1 . 2 . . . . . Spaces Dug . | . . . . . . . . . . . . . . . . . . . Terrain Destroyed 118 | . . . . 45 . 61 4 2 6 . . . . . . . . . Melee . | . . . . . . . . . . . . . . . . . . . Projectile 20 | . . . . . . 8 4 2 6 . . . . . . . . . AOE 98 | . . . . 45 . 53 . . . . . . . . . . . . Terrain Rammed . | . . . . . . . . . . . . . . . . . . . Walls Destroyed . | . . . . . . . . . . . . . . . . . . . Machines Disabled . | . . . . . . . . . . . . . . . . . . . Actions | -11 -10 -10 -10 -9 -8 -7 -7 -7 -6 -6 -6 -6 -5 -5 -5 -4 -3 -3 --------- Run | Yrd Mat Min Exi Min Mat Fac Low Low Fac Low Low Dat Pro Fac DSF Fac Res Tes Total 6687 | 7 347 13 154 164 414 1808 419 91 807 372 255 137 905 38 107 424 22 203 Wait 48 | . 1 . . . . 33 8 . 4 . . 2 . . . . . . Move 6114 | 2 290 13 151 143 329 1604 387 85 728 369 251 126 899 38 83 407 22 187 Hop 11 | . . . . . . . . . . . . . 1 . . 10 . . Pick Up 67 | . 11 . . 1 16 21 3 1 12 . . . 1 . . . . 1 Fast Attach 41 | . 2 . . . 6 7 1 1 7 2 2 3 3 . 3 2 . 2 Attach 26 | . . . . 1 1 11 5 . 4 . . 1 . . . 1 . 2 Detach 4 | . . . . . . 1 . . 1 . . 1 . . . 1 . . Swap 28 | 3 3 . 1 5 7 5 2 . 1 . . 1 . . . . . . Drop 56 | 2 3 . 2 . 14 21 1 1 6 1 2 1 1 . . . . 1 Fire 236 | . 37 . . 14 40 85 12 3 43 . . 1 . . . . . 1 Melee . | . . . . . . . . . . . . . . . . . . . Ram 9 | . . . . . . . . . . . . . . . . 3 . 6 Kick . | . . . . . . . . . . . . . . . . . . . Crush 9 | . . . . . 1 7 . . 1 . . . . . . . . . Escape Stasis 24 | . . . . . . . . . . . . . . . 21 . . 3 Rewire 13 | . . . . . . 13 . . . . . . . . . . . . Trap 1 | . . . . . . . . . . . . 1 . . . . . . Miscellaneous . | . . . . . . . . . . . . . . . . . . . Route ------- -11/Scrapyard -10/Materials (discovered 4 exits: [*Mat x2] / *Min x2) -10/Mines -10/Exiles -9/Mines -8/Materials -7/Factory (discovered 3 exits: *Fac / [*Low x2]) -7/Lower Caves -7/Lower Caves -6/Factory -6/Lower Caves -6/Lower Caves -6/Data Miner -5/Proximity Caves -5/Factory (discovered 2 exits: Fac / DSF) -5/DSF -4/Factory (discovered 8 exits: *Res x4 / Upp x2 / Ext x2) -3/Research -3/Testing History --------- Turn | Location | Event 7 | -11/Scrapyard | Discovered new exit (range 3) 10 | -11/Scrapyard | Entered Materials 132 | -10/Materials | Identified exit to Mines 306 | -10/Materials | Build established: Mutant 313 | -10/Materials | Discovered new exit (range 15) 491 | -10/Materials | Discovered new exit (range 15) 750 | -10/Materials | Entered Mines 765 | -10/Mines | Deemed a non-threat by the Exiles lab entrance 765 | -10/Mines | Discovered new exit (range 5) 771 | -10/Mines | Entered Exiles 815 | -10/Exiles | Met 8R-AWN 837 | -10/Exiles | Met EX-HEX 896 | -10/Exiles | Met EX-DEC 923 | -10/Exiles | Learned location of Zion (-7) 1017 | -10/Exiles | Discovered new exit (range 10) 1037 | -10/Exiles | Entered Mines 1041 | -9/Mines | Met a Derelict bent on vengeance 1098 | -9/Mines | Found a hidden stash of uninstalled traps 1128 | -9/Mines | Assembled infested the area 1133 | -9/Mines | Assisted by a Guerilla fighting off Assembled 1163 | -9/Mines | Core integrity fell below 50% 1202 | -9/Mines | Destroyed 11 combat bots 1402 | -9/Mines | Discovered new exit (range 11) 1406 | -9/Mines | Escorted by a lone wolf Derelict 1426 | -9/Mines | Learned location of Storage (-9) 1430 | -9/Mines | Entered Materials 1430 | -8/Materials | Accompanied by 1 ally 1430 | -8/Materials | Evolved 4 slots: Propulsion x2, Utility x2 1805 | -8/Materials | Garrison activated, responded to threat 1852 | -8/Materials | Build established: Scavenger-Mutant 2064 | -8/Materials | Destroyed 8 combat bots 2081 | -8/Materials | Discovered new exit (range 13) 2126 | -8/Materials | Entered Factory 2126 | -7/Factory | Evolved 2 slots: Propulsion x1, Utility x1 3422 | -7/Factory | Lost 5 parts (3n2u) 3669 | -7/Factory | Discovered new exit (range 15) 3728 | -7/Factory | Cargo convoy interrupted 4644 | -7/Factory | Garrison activated, responded to threat 5000 | -7/Factory | Discovered new exit (range 16) 5022 | -7/Factory | Crushed by falling debris 5039 | -7/Factory | System corruption reached 10% 5058 | -7/Factory | Lost 7 parts (1p5n1u) 5060 | -7/Factory | Discovered new exit (range 12) 5062 | -7/Factory | Entered Lower Caves 5624 | -7/Lower Caves | Core integrity fell below 50% 5796 | -7/Lower Caves | Discovered new exit (range 7) 5802 | -7/Lower Caves | Entered another Lower Caves area 5871 | -7/Lower Caves | Discovered new exit (range 9) 5896 | -7/Lower Caves | Entered Factory 5896 | -6/Factory | Evolved 2 slots: Utility x1, Weapon x1 6055 | -6/Factory | Lost 3 parts (1p1n1w) 6752 | -6/Factory | Discovered new exit (range 15) 6777 | -6/Factory | Entered Lower Caves 6875 | -6/Lower Caves | Encountered a Warlord checkpoint 6883 | -6/Lower Caves | Discovered new exit (range 5) 6884 | -6/Lower Caves | Entered another Lower Caves area 6919 | -6/Lower Caves | Learned location of 1 exit from Factory 6943 | -6/Lower Caves | Encountered a Warlord checkpoint 6958 | -6/Lower Caves | Discovered new exit (range 3) 6959 | -6/Lower Caves | Entered Data Miner 6959 | -6/Data Miner | Discovered new exit (range 6) 6965 | -6/Data Miner | Met Data Miner 6970 | -6/Data Miner | Learned location of Section 7 (-2) 6970 | -6/Data Miner | Acquired the access code to Warlord's prototype stash 6975 | -6/Data Miner | Received God Mode back door access code from Data Miner 6992 | -6/Data Miner | Data Conduit disabled 7009 | -6/Data Miner | Entered Proximity Caves 7032 | -5/Proximity Caves | Lost 4 parts (1p2n1u) 7034 | -5/Proximity Caves | Learned Factory stockpile data 7100 | -5/Proximity Caves | Spotted B-75 Beast 7120 | -5/Proximity Caves | Build established: Hacker-Sprinter 7202 | -5/Proximity Caves | Core integrity fell below 50% 7267 | -5/Proximity Caves | Discovered new exit (range 4) 7268 | -5/Proximity Caves | Entered Factory 7268 | -5/Factory | Evolved 2 slots: Propulsion x1, Utility x1 7269 | -5/Factory | Identified exit to Factory 7279 | -5/Factory | Identified exit to DSF 7279 | -5/Factory | Entered DSF 7302 | -5/DSF | Additional patrols routed to DSF 7306 | -5/DSF | Discovered exit to Factory (range 15) 7328 | -5/DSF | Entered Factory 7328 | -4/Factory | Evolved 2 slots: Propulsion x1, Utility x1 7380 | -4/Factory | Identified exit to Upper Caves 7380 | -4/Factory | Identified exit to Extension 7380 | -4/Factory | Identified exit to Research 7461 | -4/Factory | Core integrity fell below 50% 7463 | -4/Factory | Lost 12 parts (1p6n3u2w) 7560 | -4/Factory | Entered Research 7560 | -3/Research | Evolved 2 slots: Power x1, Propulsion x1 7570 | -3/Research | Discovered new exit (range 8) 7576 | -3/Research | Entered Testing 7595 | -3/Testing | Spotted Superbehemoth 7636 | -3/Testing | Protovariant out of control (PG-H0R5VMEQCZ) 7636 | -3/Testing | Unleashed a protovariant (PG-H0R5VMEQCZ) 7659 | -3/Testing | Spotted Striker 7678 | -3/Testing | Lost 4 parts (2p2u) 7680 | -3/Testing | Spotted Striker 7689 | -3/Testing | Spotted Alpha 7 7699 | -3/Testing | Stole the SGEMP Prototype 7701 | -3/Testing | Scanned by Researcher 7707 | -3/Testing | Core integrity fell below 50% 7717 | -3/Testing | Core integrity fell below 20% 7726 | -3/Testing | Core destroyed Last Messages --------------- 07707_ Penetrated by Slug. 07709_ Hvy. Rocket Launcher destroyed. 07710_ Slug penetrates Wall. 07710_ Penetrated by Slug. 07710_ Slug penetrates Y-72 Warden. 07712_ Penetrated by Slug. 07712_ Acquired 6 matter. 07713_ Penetrated by Slug. 07714_ Acquired 8 matter. 07714_ Slammed into Y-72 Warden. 07716_ Penetrated by Slug. 07716_ Slug penetrates Wall. 07716_ Slammed into Y-72 Warden. 07717_ Slug penetrates Wall. 07717_ Penetrated by Slug. 07717_ Slug penetrates Door. 07719_ Penetrated by Slug. 07719_ Slug penetrates Wall. 07726_ Slammed into K-01 Serf. 07726_ Destabilizing: Core damaged (-52). Map ----- +----------------------------------------------------+ | ?????????????????????????????????????????# | | ?????????????????????????????????????????# | | ??????????????????????????????????####+### | | ??????????????????????????????????# | | ??????????????????????????????????# | | ??????????????????????????????????# """ | | ??????????????????????????????????# "R" | | ??????????????????????????????????# " " # | | ????????????????????????????""????# *# | | ????????????????????????????""""??# # | | ??????????????????????????? """" # + | | ??????????????????????????? """" + """ # | | ???????###########?????? # """ # | | ???????# #???# ??# ^""" # | | ???????# #???# / !!!????## """ # | | ???????# #???# !??????## """ # | | ???????# #???? ????????#" """ # | | ???????# #???? ??????????#T """ # | | ???????# """ """ #????????????????#" " | | ???????# """ """ #????????????????## """ " | | ???????# """ """ #?????????????????# """ | | ??##########+#####?????????????????# """ " | | ?? """" # #????????????????????# """ " | | ??""S"" + #??????????????????### """ # | | ? "" "" # #################### """ | | ? # Y K @k % u """ | | # ! ?## ############## | | # """ ??# #????????????# * # | | # """???# #????????????# ##/### | | #! """???# %#????????????####+### #? ? | | #? ? ????#% #??????????????? ?###+####?? ! | | ????##????# #???????????????"""???????????? | | ??????????# #?????????????? """ ???????????" | | ??????????# #?????????????? """ ???????????? | | ?????????## ##???????????? #???????????? | | ?????????# #???????????? ] #???????????? | | ?????????## #??????????? #???????????? | | ??????##### ####????????? ? ?#???????????? | | ??????#" #????????###?????????????????? | | ??????#"" % #????????????????????????????? | | ??????#" *%| ##????????????????????????????? | | ??????#" "#?????????????????????????????? | | ??????#/"""" "#?????????????????????????????? | | ??????#""""""""#?????????????????????????????? | | ??????##########?????????????????????????????? | | ?????????????????????????????????????????????? | | ?????????????????????????????????????????????? | | ?????????????????????????????????????????????? | | ?????????????????????????????????????????????? | | ?????????????????????????????????????????????? | +----------------------------------------------------+ Best States ------------- Heat Dissipation 65 Energy Generation 18 Energy Capacity 300 Matter Stores 300 Matter Capacity 300 Sight Range 16 Terrain Scan Range 14 Terrain Scan Density 10 Jamming Range 12 Armor Coverage 225 Evasion (%) 64 Targeting Accuracy 16 Core Analysis 6 Recoil Reduction 5 Kinecelleration 30 Offensive Hacking 10 Defensive Hacking 34 Trap Extractor Capacity 6 Item Schematics ----------------- Combat Drone Bay | -6/Data Miner | Free Lgt. Regenerative Plating | -6/Data Miner | Free Cld. Gravmag System | -6/Data Miner | Free Prc. Matter Filter | -6/Data Miner | Free Hvy. Proton Missile Launcher | -6/Data Miner | Free Imp. Antigrav System | -6/Data Miner | Free Hvy. Disruptor Cannon | -6/Data Miner | Free Point Defense Array | -6/Data Miner | Free Imp. Kinecellerator | -6/Data Miner | Free Adv. Weapon Cycler | -6/Data Miner | Free Robot Schematics ------------------ Y-64 Sentinel | -6/Data Miner | Free B-60 Warrior | -6/Data Miner | Free S-27 Virus | -6/Data Miner | Free G-50 Soldier | -6/Data Miner | Free A-15 Conveyor | -6/Data Miner | Free M-36 Artificer | -6/Data Miner | Free K-01 Serf | -3/Testing | Archive Fabricated ------------ Nothing Alien Tech Used ----------------- None Achievements -------------- Rampage Challenges ------------ None Game ------ Seed MobileLatentArchive Manual? 0 Play Time 01:26:33 Cumulative 82.5 hours Start 2024.07.25 @ 17:34:12 End 2024.07.25 @ 23:05:34 Sessions 1 Manual Loads 0 Difficulty Rogue Special Mode None Game No. 86 Rogue 86 Adventurer 0 Explorer 0 Win Type - Total 1 Types 1/0/0/0/0/0/0/0/0 Lore% 43 Gallery% 52 Achievement% 46 Wizard Run 0 Options --------- Layout 1 ASCII 0 Keyboard 0 Movement Arrows Keybinds 0 Fullscreen 2 Font 24/Smallcaps Map View 50x35 Zoom Use 0% Tactical HUD 1 Map Filters NONE Filters NONE Steam 1 RUN: 0844006c-65f2-4325-9985-55f1783d1c2a